 Dungeon Crawl Stone Soup version 0.29-a0-266-gf56f883ddd (webtiles) character file.

Game seed: 1373412272886381457

6207 drugrobin the Cleaver (level 10, -1/90 HPs)
             Began as a Demigod Fighter on Mar 6, 2022.
             Slain by an orc warrior
             ... wielding a +0 halberd
              (22 damage)
             ... on level 8 of the Dungeon.
             The game lasted 00:27:38 (11232 turns).

drugrobin the Cleaver (Demigod Fighter)            Turns: 11232, Time: 00:27:39

Health: -1/90      AC:  8    Str: 37    XL:     10   Next: 35%
Magic:  13/13      EV: 10    Int: 10    God:
Gold:   239        SH:  5    Dex: 19    Spells: 9/9 levels left

rFire   . . .      SeeInvis +   a - +4 hand axe of Blue Guilt {freeze, Str+2}
rCold   . . .      Faith    .   c - +0 buckler
rNeg    . . .      Spirit   .   S - +0 troll leather armour
rPois   .          Reflect  .   R - +1 helmet {SInv}
rElec   .          Harm     .   A - +1 cloak
rCorr   .          Rampage  .   (no gloves)
Will    +....                   (no boots)
Stlth   ++........              (no amulet)
HPRegen 1.05/turn               x - +6 ring of dexterity
MPRegen 0.13/turn               e - +6 ring of strength

@: no status effects
A: high MP 1, forlorn, divine attributes
a: no special abilities


You were on level 8 of the Dungeon.
You visited 2 branches of the dungeon, and saw 9 of its levels.

You collected 524 gold pieces.
You spent 285 gold pieces at shops.

Inventory:

Hand Weapons
 a - the +4 hand axe of Blue Guilt (weapon) {freeze, Str+2}
   (You took it off an orc on level 3 of the Dungeon)

   It freezes those it strikes, dealing additional cold damage.
   It can also slow down cold-blooded creatures.
   Str:       It affects your strength (+2).
 v - a +2 dagger of venom
 w - a +1 war axe
 P - a +4 flail
Missiles
 d - 4 javelins
 f - 180 stones (quivered)
 z - 8 poisoned darts
 E - 4 boomerangs
Armour
 c - a +0 buckler (worn)
 A - a +1 cloak (worn)
 R - a +1 helmet of see invisible (worn)
 S - a +0 troll leather armour (worn)
Magical Staves
 s - a staff of air
Jewellery
 e - a +6 ring of strength (right hand)
 x - a +6 ring of dexterity (left hand)
 B - a +4 ring of evasion
 J - the ring "Koantok" {Will+ Int+2}
   (You found it on level 6 of the Dungeon)

   [ring of willpower]

   Int:       It affects your intelligence (+2).
   Will:      It increases your willpower.
 K - a +4 ring of evasion
Wands
 o - a wand of digging (5)
 u - a wand of charming (6)
 M - a wand of acid (2)
 Q - a wand of iceblast (10)
Scrolls
 h - 2 scrolls of amnesia
 j - 2 scrolls of enchant weapon
 m - 5 scrolls of teleportation
 n - 2 scrolls of brand weapon {unknown}
 p - 2 scrolls of magic mapping {unknown}
 t - 2 scrolls of enchant armour
 y - 2 scrolls of blinking {unknown}
 D - a scroll of acquirement {unknown}
 G - a scroll of holy word {unknown}
 H - a scroll of vulnerability {unknown}
 I - 2 scrolls of fog {unknown}
 L - a scroll of immolation {unknown}
 O - a scroll of identify
Potions
 b - 5 potions of lignification
 g - 2 potions of heal wounds
 i - 4 potions of curing
 k - a potion of brilliance
 l - 5 potions of haste
 q - 3 potions of attraction
 r - 2 potions of flight
 C - 3 potions of cancellation
 F - a potion of might
Miscellaneous
 N - a lightning rod (1/4)


   Skills:
 + Level 8.4 Fighting
 * Level 12.2 Axes
 - Level 2.6 Armour
 - Level 3.1 Stealth
 - Level 2.6 Shields


You had 9 spell levels left.
You didn't know any spells.
Your spell library contained the following spells:

 Spells                   Type           Power      Damage    Failure   Level
 Beastly Appendage        Tmut           0%         N/A       50%         1
 Sublimation of Blood     Necr           0%         N/A       63%         2
 Wereblood                Tmut           0%         N/A       63%         2
 Spider Form              Tmut/Pois      0%         N/A       86%         3
 Summon Hydra             Summ           0%         N/A       100%        7


Dungeon Overview and Level Annotations

Branches:
Dungeon (8/15)             Temple (1/1) D:7            Lair (0/6) D:8

Shops:
D:3 [

Annotations:
D:2 1 runed translucent door, Crazy Yiuf
D:5 exclusion: 2 doors


Innate Abilities, Weirdness & Mutations

You have an increased reservoir of magic. (+10% MP)
You shall have no god before yourself.
Your divine heritage dramatically boosts your attributes as you level up.


Message History

Unknown command.
You closely miss the wyvern.
The wyvern is moderately wounded.
The wyvern bites you!
The orc priest looks braver for a moment.
You block the orc warrior's attack.
Unknown command.
You slash the wyvern! You freeze the wyvern.
The wyvern is severely wounded.
The wyvern bites you!
The orc warrior hits you from afar with a +0 halberd.
Unknown command.
You slash the wyvern! You freeze the wyvern.
You kill the wyvern!
You hit the orc but do no damage. The orc hits you with a +0 club.
The orc warrior barely misses you.
Unknown command.
You hit the orc. You freeze the orc.
The orc is almost dead.
Unknown command.
You hit the orc but do no damage.
The orc is almost dead.
The orc hits you but does no damage.
The orc warrior hits you from afar with a +0 halberd!
An orc wizard comes into view. It is wielding a +0 dagger.
Unknown command.
You slash the orc priest! You freeze the orc priest.
You kill the orc priest!
You hit the orc. You freeze the orc.
You kill the orc!
The orc warrior hits you from afar with a +0 halberd!
The orc wizard mumbles some strange words.
The orc wizard flickers and vanishes for a moment.
You hit the orc priest. You freeze the orc priest.
The orc priest is lightly wounded.
The orc priest invokes the aid of Beogh against you.
Pain shoots through your body!
* * * LOW HITPOINT WARNING * * *
The orc warrior hits you from afar with a +0 halberd!!
You die...

.#### .....## ###
.......#####.##
........#)....##
o....oo@)..#...##
......))######..###
........# ##...##
.......## ##...##
......# ###..##
.....# ##[.###
...## ##...# ..#
###.) ##.


You could see an orc warrior, an orc priest and an orc wizard (invisible).

Vanquished Creatures
  A two-headed ogre (D:7)
  Pikel (D:7)
  A cyclops (D:6)
  Psyche (D:8)
  A troll (D:8)
  A hornet (D:7)
  Grinder (D:5)
  2 wyverns
  A water moccasin (D:7)
  A sky beast (D:5)
  A black bear (D:4)
  4 ogres (D:4)
  2 orc warriors (D:7)
  A centaur (D:7)
  A wolf (D:8)
  A lemure (D:7)
  A phantom (D:6)
  A kobold brigand (D:7)
  3 bullfrogs (D:7)
  2 scorpions
  6 necrophages
  7 wights
  4 electric eels (D:8)
  2 howler monkeys (D:8)
  3 jellies
  2 gnoll shamans (D:8)
  12 hounds
  5 orc priests
  5 iguanas
  4 orc wizards
  Robin (D:3)
  16 gnolls
  6 adders
  4 white imps
  5 ufetubi
  2 worms (D:2)
  6 dart slugs
  39 orcs
  6 ball pythons
  7 bats
  12 endoplasms
  3 giant cockroaches
  18 goblins
  8 hobgoblins
  3 jackals (D:1)
  4 kobolds
  3 quokkas
  4 frilled lizards
  4 rats
229 creatures vanquished.

Vanquished Creatures (others)
  A plant (D:5)
  4 withered plants (D:1)
5 creatures vanquished.

Grand Total: 234 creatures vanquished

Notes
Turn   | Place    | Note
-------+----------+-------------------------------------------
     0 | D:1      | drugrobin the Demigod Fighter began the quest for the Orb.
     0 | D:1      | Reached XP level 1. HP: 18/18 MP: 3/3
    47 | D:1      | Reached skill level 2 in Axes
   123 | D:1      | Reached XP level 2. HP: 11/25 MP: 4/4
   459 | D:1      | Reached skill level 3 in Axes
   675 | D:1      | You fall into a shaft and drop 1 floor!
  1253 | D:2      | Reached XP level 3. HP: 30/30 MP: 5/5
  1841 | D:2      | Reached skill level 4 in Axes
  1881 | D:2      | Found a runed translucent door.
  1882 | D:2      | Noticed Crazy Yiuf
  2093 | D:2      | Reached XP level 4. HP: 30/37 MP: 6/6
  2337 | D:3      | Found Sitoapoc's Antique Armour Shoppe.
  2700 | D:3      | Noticed Robin
  2832 | D:3      | Killed Robin
  3440 | D:3      | Reached XP level 5. HP: 36/44 MP: 7/7
  3579 | D:3      | Reached skill level 5 in Axes
  3730 | D:4      | Noticed a black bear
  3746 | D:4      | Noticed an ogre
  3749 | D:4      | Killed an ogre
  3750 | D:4      | Reached skill level 1 in Stealth
  3898 | D:4      | Identified the +4 hand axe of Blue Guilt {freeze, Str+2}
  3930 | D:4      | Reached XP level 6. HP: 47/51 MP: 8/8
  4267 | D:4      | Reached skill level 6 in Axes
  4285 | D:4      | Reached XP level 7. HP: 38/58 MP: 9/9
  5041 | D:5      | Entered Level 5 of the Dungeon
  5491 | D:5      | Reached skill level 7 in Axes
  5546 | D:5      | Noticed Grinder
  5557 | D:5      | Paralysed by Grinder for 2 turns
  5568 | D:5      | Paralysed by Grinder for 4 turns
  5573 | D:5      | Killed Grinder
  5574 | D:5      | Reached XP level 8. HP: 27/67 MP: 10/10
  5822 | D:5      | Reached skill level 5 in Fighting
  6521 | D:6      | Reached skill level 8 in Axes
  7191 | D:6      | Identified the ring "Koantok" {Will+ Int+2}
  7501 | D:3      | Bought a masterwork cloak for 285 gold pieces
  7501 | D:3      | Identified the +0 cloak of Ymunoc {Harm rF+ rC+} (You
                  | bought it in a shop on level 3 of the Dungeon)
  7580 | D:7      | Reached skill level 9 in Axes
  8184 | D:7      | Noticed a hornet
  8198 | D:7      | Paralysed by a hornet for 3 turns
  8206 | D:7      | Killed a hornet
  8207 | D:7      | Reached XP level 9. HP: 56/78 MP: 11/11
  8282 | D:7      | Noticed a two-headed ogre
  8436 | D:7      | Reached skill level 10 in Axes
  8446 | D:7      | Noticed a cyclops
  8569 | D:6      | Killed a cyclops
  8750 | D:7      | Noticed Pikel
  8919 | D:7      | Found a staircase to the Ecumenical Temple.
  8931 | Temple   | Entered the Ecumenical Temple
  9015 | D:7      | Killed Pikel
  9307 | D:7      | Reached skill level 11 in Axes
  9577 | D:7      | Killed a two-headed ogre
  9578 | D:7      | Reached XP level 10. HP: 22/88 MP: 13/13
 10250 | D:8      | Noticed Psyche
 10254 | D:8      | Killed Psyche
 10540 | D:8      | Found a staircase to the Lair.
 10650 | D:8      | Reached skill level 12 in Axes
 11232 | D:8      | Slain by an orc warrior

Illustrated notes

Levels and vault maps discovered:
D:1:      dpeg_arrival_short_road, layout_loops_corners,
          ebering_ecumenical_altar_petrified, minmay_tree_intersection
D:2:      layout_rooms, uniq_crazy_yiuf_cottage
D:3:      layout_loops_cross, mainiacjoe_overflow_catwalk, serial_shops,
          nicolae_shop_waterfront, uniq_robin
D:4:      layout_rooms, minmay_overflow_temple_star_quad
D:5:      cheibrodos_two_vegetables, layout_basic, nicolae_vehumet_radiance,
          mainiacjoe_overflow_24_doors, uniq_grinder
D:6:      layout_rooms, nicolae_ru_the_path_less_chosen, kennysheep_small_circle
D:7:      wad_guarded_room, layout_rooms, nicolae_overflow_crystal_walls,
          nicolae_gozag_seed_capital, minmay_temple_entry_trees, uniq_pikel
D:8:      layout_cave_pods, kennysheep_little_box, erik_lair_island, uniq_psyche
Temple:   cyrus_temple_forest

Skill      XL: |  1  2  3  4  5  6  7  8  9 10 |
---------------+-------------------------------+-----
Axes           | 2 3 4 5 6 7 9 11 12 | 12.2
Fighting       | 3 4 6 7 8 |  8.4
Stealth        | 1 2 3 |  3.1
Armour         | |  2.6
Shields        | |  2.6

Action                   |  1- 3 |  4- 6 |  7- 9 | 10-12 || total
-------------------------+-------+-------+-------+-------++-------
Melee: War axe           |   136 |    92 |       |       ||   228
       Dagger            |       |     8 |    32 |    11 ||    51
       Hand axe          |       |    47 |   252 |    76 ||   375
Throw: Stone             |     4 |     7 |       |       ||    11
       Javelin           |       |     4 |     2 |       ||     6
       Dart              |       |       |    13 |     2 ||    15
       Throwing net      |       |       |     1 |       ||     1
Evoke: Wand              |       |       |     2 |     1 ||     3
       Lightning rod     |       |       |       |     3 ||     3
  Use: Potion            |       |     1 |       |       ||     1
       Scroll            |       |       |    12 |       ||    12
 Stab: Distracted        |       |       |       |     1 ||     1
Armor: Scale mail        |    63 |     4 |       |       ||    67
       Chain mail        |       |    65 |   117 |     6 ||   188
       Troll leather arm |       |       |       |     8 ||     8
Dodge: Dodged            |    64 |    56 |    85 |    19 ||   224
Block: Buckler           |    37 |    30 |    54 |    16 ||   137

Table legend: (Time is in decaauts)
 A = Elapsed time spent in this place.
 B = Non-inter-level travel time spent in this place.
 C = Inter-level travel time spent in this place.
 D = Time resting spent in this place.
 E = Time spent auto-exploring this place.
 F = Levels seen in this place.
 G = Mean time per level.
                   A        B        C        D        E       F      G
               +--------+--------+--------+--------+--------+-----+--------+
         Total |  11318 |  10446 |    872 |   3050 |   4775 |   9 | 1257.6 |
       Dungeon |  11284 |  10428 |    856 |   3050 |   4759 |   8 | 1410.5 |
        Temple |     34 |     18 |     16 |      0 |     16 |   1 |   34.0 |
               +--------+--------+--------+--------+--------+-----+--------+

Top non-repeatable levels by time:
     D:7: 1925 daAuts
     D:5: 1578 daAuts
     D:6: 1573 daAuts
     D:2: 1412 daAuts
     D:1: 1308 daAuts
     D:4: 1263 daAuts
     D:3: 1254 daAuts
     D:8: 968 daAuts
  Temple: 34 daAuts
